cohdb
Replays
Latest Replays
All Replays
Popular Replays
Top Player Replays
Match Explorer
How It Works
Community
CoH3 Stats
Reddit
Sign in to upload your games and track your stats! →
Sign in with Steam
Match 45636369
Unlisted
Match 45636369
Overview
Messages
Build Orders
End
Scout Squad
Construct Barracks
Riflemen Squad
M1 Mortar Team
M1 Mortar Team
Infantry Support Center
Selects Advanced Infantry Battlegroup
Selects Convert to Ranger Squad
Ranger Squad
Construct Medical Station
Construct Motor Pool
M24 Chaffee Light Tank
Engineer Squad
Selects Ammunition Storage
Ranger Squad
Selects Designate Assault Position
Selects Ranger Weapon Training
M24 Chaffee Light Tank
FooKilla
Don Bowdenoli
カルト_くん
MIHua
0
0
Comments
sign in to comment!
No comments posted yet!